Map: NeoHumanity LE

Players

Palo

  • Race: Zerg Zerg
  • League: Platinum
  • Spawn Location: 11:00

noobCraft - Winner!

  • Race: Terran Terran
  • Spawn Location: 5:00

VOD

Have the link to the VOD?

Description

Terran 1-1 upgrade againts ZERG

Time

  • Played on: July 29, 2023, 11:43 a.m.
  • Length: 4:54
Show
View Real Time Build Order
Export as new Build Order

Palo Zerg 

Build Orders: Hatch First 

Get SALT Encoding   

  12  0:01  Drone  
  13  0:14  Overlord  
  13  0:16  Drone  
  14  0:32  Drone x2  
  16  0:36  Drone  
  17  0:56  Hatchery  
  16  1:10  Drone x3  
  19  1:14  Extractor  
  18  1:23  Spawning Pool  
  18  1:24  Drone  
  18  1:37  Drone  
  19  1:43  Drone  
  20  1:53  Drone  
  21  2:11  Zergling x2, Queen  
  21  2:12  Queen  
  21  2:13  Overlord  
  26  2:16  Zergling x2  
  26  2:20  Drone  
  26  2:22  Metabolic Boost  
  28  2:36  Zergling x2  
  29  2:55  Hatchery  
  29  2:57  Queen  
  29  2:58  Drone x3  
  33  3:08  Lair  
  33  3:10  Drone  
  34  3:18  Overlord x2  
  34  3:20  Drone  
  35  3:36  Queen  
  35  3:37  Drone  
  35  3:38  Drone  
  39  3:43  Drone x2  
  39  3:44  Drone  
  39  3:45  Extractor  
  39  3:48  Drone  
  42  4:01  Drone  
  43  4:04  Drone  
  43  4:05  Drone x4  
  42  4:28  Zergling x2  
  42  4:29  Zergling x8  
Show
View Real Time Build Order
Export as new Build Order

noobCraft Terran - Winner!

Build Orders:  

Get SALT Encoding   

  12  0:10  Supply Depot  
  12  0:13  SCV  
  13  0:25  SCV  
  13  0:26  Refinery  
  14  0:40  Barracks  
  14  0:49  Supply Depot  
  14  0:52  SCV  
  15  1:06  Supply Depot  
  15  1:14  Refinery  
  15  1:17  SCV  
  16  1:33  Barracks Reactor  
  16  1:39  Engineering Bay  
  16  1:41  SCV  
  17  1:53  Barracks  
  17  1:54  SCV  
  18  2:06  SCV  
  18  2:07  Terran Infantry Weapons Level 1  
  19  2:09  Marine x2  
  21  2:18  SCV  
  22  2:27  Marine x2  
  24  2:39  Barracks Reactor  
  24  2:43  SCV  
  25  2:46  Marine x2  
  27  2:53  Supply Depot  
  27  2:55  SCV  
  28  3:03  Marine  
  28  3:04  Marine  
  30  3:07  SCV  
  31  3:13  Supply Depot  
  31  3:16  Marine  
  31  3:17  Marine  
  33  3:21  Marine x2  
  35  3:34  Marine x2  
  35  3:39  Marine  
  38  3:46  Marine  
  39  3:52  Marine x2  
  41  3:57  Marine  
  42  4:04  Marine  
  43  4:10  Marine x2  
  43  4:15  Marine  
  46  4:22  Marine  
  45  4:28  Marine x2  
  46  4:32  Marine  
Tags
 
League
Platinum
Matchup
TvZ
Spawn Locations
Cross Positions
Add a new tag
Caveats
  • Supply blocks, unpowered buildings, or Contaminate may cause inaccurate times.
  • Supply counts are checked every 10 seconds.